 Dungeon Sprint DCSS version 0.27.1-33-g824d729ab1 (webtiles) character file.

Game seed: 2274586379088714798

591 Hipnos the Basher (level 7, -12/78 HPs)
             Began as a Gargoyle Berserker on Dec 1, 2021.
             Was a Believer of Trog.
             Mangled by Sonja (20 damage)
             ... in the Dungeon (Sprint I: "Red Sonja").
             The game lasted 00:04:03 (787 turns).

Hipnos the Basher (Gargoyle Berserker)               Turns: 787, Time: 00:04:03

Health: -12/78     AC:  9    Str: 22    XL:     7   Next: 39%
Magic:  7/7        EV: 11    Int:  8    God:    Trog [**....]
Gold:   318        SH:  2    Dex:  9    Spells: 6/6 levels left

rFire    . . .     SeeInvis .   a - +0 mace
rCold    . . .     Faith    .   k - +0 buckler
rNeg     + . .     Spirit   .   i - +0 leather armour
rPois    ∞         Reflect  .   (no helmet)
rElec    +         Harm     .   (no cloak)
rCorr    .         Rampage  .   (no gloves)
Will     ++...     NoTele   +   j - +0 pair of boots
Stlth    ..........             (no amulet)
HPRegen  1.23/turn              (no ring)
MPRegen  0.10/turn              (no ring)

@: berserking, strong-willed, regenerating, very quick
A: sickness immunity, AC +4, negative energy resistance 1, electricity
resistance, torment resistance 1, petrification resistance
a: Renounce Religion, Berserk, Trog's Hand


You were in the Dungeon.
You worshipped Trog.
Trog was pleased with you.
You visited 1 branch You collected 416 gold pieces.
You spent 98 gold pieces at shops.

Inventory:

Hand Weapons
 a - a +0 mace (weapon)
Armour
 b - a +0 animal skin
 i - a +0 leather armour (worn)
 j - a +0 pair of boots (worn)
 k - a +0 buckler (worn)
Scrolls
 h - a scroll of blinking
Potions
 c - a potion of curing
 d - a potion of heal wounds
 e - a potion of flight {unknown}
 f - 2 potions of magic
 g - 2 potions of berserk rage


   Skills:
 + Level 10.3 Fighting
 + Level 10.6 Maces & Flails
 + Level 6.1 Armour
 + Level 4.4 Dodging
 - Level 1.9 Stealth


You had 6 spell levels left.
You didn't know any spells.
Your spell library was empty.

Dungeon Overview and Level Annotations

Branches:
Dungeon (1/1)

Altars:
Cheibriados
Dithmenos
Elyvilon
Fedhas
Gozag
Hepliaklqana
Kikubaaqudgha
Makhleb
Nemelex Xobeh
Okawaru
Qazlal
Ru
Sif Muna
Trog
Uskayaw
Vehumet
Wu Jian
Xom
Yredelemnul
Zin
The Shining One
Jiyva
Lugonu

Shops:
D [

Annotations:
D Sonja


Innate Abilities, Weirdness & Mutations

You are immune to sickness and miasma.
Your stone body is resilient. (AC +4)
You are immune to poison.
You resist negative energy. (rN+)
You are resistant to electric shocks. (rElec)
You are resistant to unholy torment.
You are immune to petrification.


Message History

You feel your anger nearly subside.
You are no longer berserk.
You are exhausted.
You feel yourself slow down.
You feel yourself speed up.
You recover from your berserk rage.
As you open the door, it creaks loudly!
Found 108 gold pieces.
There is an open door here.
You now have 237 gold pieces (gained 27).
You now have 264 gold pieces (gained 27).
You now have 291 gold pieces (gained 27).
You now have 318 gold pieces (gained 27).
There is an open door here.
There is an open door here.
There is an open door here.
Your skin crawls.
You feel strong-willed.
You open the door.
Sonja, the Graceful Assassin comes into view.
She is wielding a +2 dagger of distortion, quivering curare-tipped darts and carrying a wand of acid (8).
Found 108 gold pieces.
Sonja shouts!
There is an open door here.
A red film seems to cover your vision as you go berserk!
You feel yourself moving faster!
You feel mighty!
Sonja zaps a wand.
The bolt of acid hits you!!
You are splashed with acid!
You closely miss Sonja.
Sonja casts a spell.
Sonja blinks!
Sonja throws a curare-tipped dart.
The curare-tipped dart hits you.
You feel a strong urge to attack something.
Sonja zaps a wand.
The bolt of acid hits you!!
* * * LOW HITPOINT WARNING * * *
You are splashed with acid!
* * * LOW HITPOINT WARNING * * *
You miss Sonja. You miss Sonja.
Sonja hits you with a +2 dagger of distortion.
* * * LOW HITPOINT WARNING * * *
Space warps horribly around you!!
You die...

#..#####'#####'#__####
#..####..#...#.####
#..#__####..##.#
#..#_____##'#_.+
#⌠⌠#_.∩...'..._#
####_..__##_.#'#
#_____###'#)#
#########.###


+$@$+ #$K$# ##.## #+# You could see Sonja.

Vanquished Creatures
  A slime creature (D)
  Sigmund (D)
  A yak (D)
  An ogre (D)
  A jelly (D)
  Ijyb (D)
6 creatures vanquished.

Vanquished Creatures (others)
  A gargoyle (D)
1 creature vanquished.

Grand Total: 7 creatures vanquished

Notes
Turn   | Place    | Note
-------+----------+-------------------------------------------
     0 | D        | Hipnos the Gargoyle Berserker began the quest for the Orb.
     0 | D        | Reached XP level 1. HP: 14/14 MP: 1/1
     1 | D        | Noticed Ijyb
    11 | D        | Killed Ijyb
    12 | D        | Reached skill level 5 in Fighting
    12 | D        | Reached XP level 2. HP: 8/21 MP: 2/2
    12 | D        | Reached XP level 3. HP: 10/26 MP: 3/3
   240 | D        | Noticed an ogre
   244 | D        | Killed an ogre
   245 | D        | Reached XP level 4. HP: 32/32 MP: 4/4
   258 | D        | Noticed Sigmund
   271 | D        | Killed Sigmund
   271 | D        | Reached ** piety under Trog
   272 | D        | Reached skill level 1 in Stealth
   272 | D        | Reached XP level 5. HP: 24/40 MP: 5/5
   272 | D        | Reached XP level 6. HP: 27/45 MP: 6/6
   394 | D        | Killed a gargoyle
   413 | D        | Found an ornate altar of the Wu Jian Council.
   413 | D        | Found a shimmering blue altar of Sif Muna.
   415 | D        | Found a radiant altar of Vehumet.
   421 | D        | Reached skill level 5 in Armour
   481 | D        | Found Maekotib's Armour Emporium.
   481 | D        | Found an ancient bone altar of Kikubaaqudgha.
   481 | D        | Found a hazy altar of Hepliaklqana.
   481 | D        | Found a stormy altar of Qazlal.
   481 | D        | Found a hide-covered altar of Uskayaw.
   481 | D        | Found a blossoming altar of Fedhas.
   481 | D        | Found a bloodstained altar of Trog.
   481 | D        | Found an iron altar of Okawaru.
   481 | D        | Found a basalt altar of Yredelemnul.
   481 | D        | Found a glowing golden altar of the Shining One.
   481 | D        | Found a snail-covered altar of Cheibriados.
   481 | D        | Found a sacrificial altar of Ru.
   481 | D        | Found a glowing silver altar of Zin.
   481 | D        | Found a shadowy altar of Dithmenos.
   481 | D        | Found a white marble altar of Elyvilon.
   481 | D        | Noticed a yak
   485 | D        | Killed a yak
   486 | D        | Found an opulent altar of Gozag.
   487 | D        | Found a sparkling altar of Nemelex Xobeh.
   491 | D        | Bought a +0 pair of boots for 49 gold pieces
   491 | D        | Bought a +0 buckler for 49 gold pieces
   558 | D        | Found a burning altar of Makhleb.
   558 | D        | Found a viscous altar of Jiyva.
   558 | D        | Found a shimmering altar of Xom.
   558 | D        | Found a corrupted altar of Lugonu.
   558 | D        | Noticed a slime creature
   568 | D        | Killed a slime creature
   568 | D        | Reached *** piety under Trog
   569 | D        | Reached skill level 10 in Fighting
   569 | D        | Reached skill level 10 in Maces & Flails
   569 | D        | Reached XP level 7. HP: 30/52 MP: 7/7
   780 | D        | Noticed Sonja
   787 | D        | Mangled by Sonja

Illustrated notes

Levels and vault maps discovered:
D:        dungeon_sprint_1 [red_sonja_temple_1, red_sonja_temple_small_1]

Skill      XL: |  1  2  3  4  5  6 |
---------------+-------------------+-----
Fighting       | 5 6 8 10 | 10.3
Maces & Flails | 4 6 8 10 | 10.6
Armour         | 3 4 6 |  6.1
Dodging        | 2 3 4 |  4.4
Stealth        | 1 |  1.9

Action                   |  1- 3 |  4- 6 |  7- 9 || total
-------------------------+-------+-------+-------++-------
Melee: Mace              |    12 |    22 |     3 ||    37
Invok: Berserk           |     2 |     3 |     1 ||     6
       Trog's Hand       |       |       |     1 ||     1
  Use: Potion            |       |     1 |       ||     1
Armor: Leather armour    |       |     4 |       ||     4
Dodge: Dodged            |     3 |     7 |       ||    10
